 Dungeon Crawl Stone Soup version 0.30.1-3-gfc49f6343a (webtiles) character file.

Game seed: 6329544592664714466

415 H0rd4k the Sneak (level 6, 0/38 HPs)
             Began as an Octopode Artificer on Aug 1, 2023.
             Succumbed to a scorpion's poison
             ... on level 4 of the Dungeon.
             The game lasted 00:02:12 (2968 turns).

H0rd4k the Sneak (Octopode Artificer)               Turns: 2968, Time: 00:02:13

Health: 0/38       AC:  1    Str: 11    XL:     6   Next: 92%
Magic:  6/6        EV: 14    Int: 15    God:
Gold:   159        SH:  0    Dex: 13    Spells: 5/5 levels left

rFire   . .          .
                       - Unarmed
rCold   + . .        (no shield)
rNeg    + . .        (helmet restricted)
rPois   .            g - amulet of faith
rElec   .            f - ring of protection from cold
rCorr   .            t - ring of positive energy
SInv    .            (no ring)
Will    .....        (no ring)
Stlth   ++++         (no ring)
HPRegen 0.26/turn    (no ring)
MPRegen 0.10/turn    (no ring)
                     (no ring)

%: faith
@: lethally poisoned (0 -> -15)
A: almost no armour, amphibious, 8 rings, camouflage 1, gelatinous body 1,
(nimble swimmer 1), tentacles
a: no special abilities


You were on level 4 of the Dungeon.
You visited 1 branch of the dungeon, and saw 4 of its levels.

You collected 159 gold pieces.

Inventory:

Magical Staves
 u - a staff of death
Jewellery
 f - a ring of protection from cold (left tentacle)
 g - an amulet of faith (around mantle)
 t - a ring of positive energy (right tentacle)
Wands
 b - a wand of flame (9) (quivered)
 c - a wand of charming (12)
Scrolls
 a - a scroll of immolation {unknown}
 h - a scroll of identify {unknown}
 j - 2 scrolls of fear {unknown}
 l - 2 scrolls of poison {unknown}
 m - 2 scrolls of noise {unknown}
 p - a scroll of vulnerability {unknown}
 q - 2 scrolls of fog {unknown}
 r - a scroll of teleportation {unknown}
 s - a scroll of amnesia {unknown}
Potions
 d - a potion of degeneration {unknown}
 e - 2 potions of berserk rage {unknown}
 i - 3 potions of curing {unknown}
 k - 2 potions of flight {unknown}
 n - 2 potions of lignification {unknown}
 o - 3 potions of might {unknown}


   Skills:
 + Level 1.5 Fighting
 + Level 3.8 Dodging
 + Level 5.1 Stealth
 + Level 3.4 Unarmed Combat
 + Level 4.7 Evocations


You had 5 spell levels left.
You didn't know any spells.
Your spell library contained the following spells:

 Spells                   Type           Power      Damage    Failure   Level
 Slow                     Hex            0%         N/A       26%         1
 Confusing Touch          Hex            0%         N/A       63%         3
 Vampiric Draining        Necr           0%         2d6       63%         3


Dungeon Overview and Level Annotations

Branches:
Dungeon (4/15)
 Temple: D:4-7

Altars:
Elyvilon


Innate Abilities, Weirdness & Mutations

You cannot wear most types of armour.
You are amphibious.
You can wear up to eight rings at the same time.
Your skin changes colour to match your surroundings (Stealth+).
Your rubbery body absorbs attacks. (AC +1, EV +1)
((You are camouflaged when in or above water. (Stealth+)))
You have tentacles for arms and can constrict up to eight enemies at once.


Message History

You constrict the scorpion. The scorpion closely misses you.
The endoplasm hits you.
You release your grip on the scorpion.
You closely miss the scorpion. You grab the scorpion.
The scorpion is moderately wounded.
You constrict the scorpion, but do no damage.
The scorpion stings you but does no damage.
You tentacle-slap the scorpion but do no damage.
You squeeze the scorpion, but do no damage.
The scorpion is moderately wounded.
You constrict the scorpion. The scorpion barely misses you.
The scorpion stings you.
You tentacle-slap the scorpion but do no damage.
You squeeze the scorpion, but do no damage.
The scorpion is moderately wounded.
You constrict the scorpion. The scorpion stings you.
You are poisoned.
The scorpion poisons you!
You tentacle-slap the scorpion but do no damage.
Your squeeze misses the scorpion.
The scorpion is heavily wounded.
You constrict the scorpion.
You feel very sick. The scorpion stings you!
* * * LOW HITPOINT WARNING * * *
You are more poisoned.
The scorpion poisons you!
Aiming: Throw Flame
Press: ? - help, Shift-Dir - straight line, f - scorpion
Aim: a scorpion (heavily wounded, constricted by you, 100% to hit)
The puff of flame hits the scorpion!
You kill the scorpion!
* * * LOW HITPOINT WARNING * * *
You feel very sick.
Your Stealth skill increases to level 5!
Aiming: Charm
Press: ? - help, Shift-Dir - straight line, f - endoplasm
Aim: an endoplasm (chance to affect: 76%)
The endoplasm is charmed.
You die...

###########
...........
........... ....##
##### ###'########
#...#
#.........###...###
#.........'.'..@J.#
#.........###...#.#
#.........#
#...#...
#.........#
#...#.!...
###########
#####.......
####+##


You could see a friendly endoplasm (charmed).

Vanquished Creatures
  Grinder (D:3)
  A scorpion (D:4)
  An orc priest (D:3)
  Terence (D:2)
  4 gnolls (D:3)
  An adder (D:2)
  A white imp (D:4)
  2 worms (D:2)
  3 orcs
  4 bats
  An endoplasm (D:2)
  3 giant cockroaches
  6 goblins
  8 hobgoblins
  4 jackals (D:1)
  5 kobolds
  3 ball pythons
  3 frilled lizards
  2 rats (D:1)
54 creatures vanquished.

Vanquished Creatures (others)
  An orc (D:3)
1 creature vanquished.

Grand Total: 55 creatures vanquished

Notes
Turn   | Place    | Note
-------+----------+-------------------------------------------
     0 | D:1      | H0rd4k the Octopode Artificer began the quest for the Orb.
     0 | D:1      | Reached XP level 1. HP: 13/13 MP: 1/1
   183 | D:1      | Reached XP level 2. HP: 7/18 MP: 2/2
   800 | D:1      | Reached XP level 3. HP: 21/23 MP: 3/3
  1133 | D:2      | Noticed Terence
  1142 | D:2      | Found a white marble altar of Elyvilon.
  1189 | D:2      | Killed Terence
  1190 | D:2      | Reached skill level 2 in Stealth
  1312 | D:2      | Reached XP level 4. HP: 28/28 MP: 4/4
  1354 | D:2      | Reached skill level 1 in Unarmed Combat
  1875 | D:3      | Reached skill level 3 in Stealth
  2237 | D:3      | Noticed Grinder
  2253 | D:3      | Killed Grinder
  2254 | D:3      | Reached skill level 4 in Stealth
  2254 | D:3      | Reached XP level 5. HP: 33/33 MP: 5/5
  2254 | D:3      | Reached XP level 6. HP: 38/38 MP: 6/6
  2968 | D:4      | Reached skill level 5 in Stealth
  2968 | D:4      | Succumbed to a scorpion's poison

Illustrated notes

Levels and vault maps discovered:
D:1:      dpeg_arrival_solitude, layout_loops_corners, minmay_pentomino_v2
D:2:      layout_basic, basic_altar, hex_intersection, uniq_terence
D:3:      layout_basic, uniq_grinder
D:4:      layout_basic

Skill      XL: |  1  2  3  4  5  6 |
---------------+-------------------+-----
Dodging        | 3 |  3.8
Stealth        | 2 4 5 |  5.1
Evocations     | 4 |  4.7
Unarmed Combat | 2 3 |  3.4
Fighting       | |  1.5

Action                     |  1- 3 |  4- 6 || total
---------------------------+-------+-------++-------
  Melee: Unarmed           |    73 |    78 ||   151
         Constrict         |    21 |    24 ||    45
         Tentacles         |    17 |    16 ||    33
         Punch             |       |     2 ||     2
  Evoke: Wand              |     3 |    11 ||    14
   Stab: Sleeping          |     4 |     6 ||    10
         Distracted        |     1 |       ||     1
 Armour: Skin              |     2 |    10 ||    12
  Dodge: Dodged            |    53 |    55 ||   108
